 Dungeon Crawl Stone Soup version 0.18.1-6-gd335043 (webtiles) character file.

19030 mopl the Severer (level 12, -3/104 HPs)
             Began as a Hill Orc Fighter on May 19, 2016.
             Was an Elder of the Shining One.
             Slain by a minotaur
             ... wielding a +6 rod of ignition (9/9)
              (23 damage)
             ... in a labyrinth.
             The game lasted 00:25:14 (9650 turns).

mopl the Severer (Hill Orc Fighter)                 Turns: 9650, Time: 00:25:15

Health: -3/104     AC: 17    Str: 25    XL:     12   Next: 64%
Magic:  16/18      EV: 11    Int:  5    God:    the Shining One [****..]
Gold:   351        SH:  8    Dex: 14    Spells: 2 memorised, 7 levels left

rFire  + . .     SeeInvis .     a - +0 battleaxe
rCold  . . .     Gourm    .     H - +1 chain mail {rF+}
rNeg   + + .     Faith    .     (shield currently unavailable)
rPois  .         Spirit   .     y - +0 helmet
rElec  .         Dismiss  .     (no cloak)
rCorr  .         Reflect  .     (no gloves)
SustAt .         Harm     .     W - +1 pair of boots
MR     .....                    s - amulet of regeneration
Stlth  ..........               i - +3 ring of slaying
                                R - -3 ring of intelligence (curse)

@: mighty, divine shield, very slightly contaminated, hasted, glowing, very
quick, not resistant to hostile enchantments, extremely unstealthy
A: regeneration 1
a: Divine Shield, Cleansing Flame, Renounce Religion


You were in a labyrinth.
You worshipped the Shining One.
The Shining One was greatly pleased with you.
You were not hungry.

You visited 2 branches of the dungeon, and saw 13 of its levels.
You also visited: Labyrinth and Bailey.

You collected 650 gold pieces.
You spent 299 gold pieces at shops.

Inventory:

Hand Weapons
 a - a +0 battleaxe (weapon)
 E - a +0 war axe
 J - a +2 scimitar of flaming
Missiles
 b - 11 tomahawks
 l - 13 javelins (quivered)
 N - 56 tomahawks of returning
Armour
 y - a +0 helmet (worn)
 F - a +0 plate armour
 H - a +1 chain mail of fire resistance (worn)
 L - the +5 scale mail of Parts Unknown {rElec rC+}
   (You found it on level 9 of the Dungeon)

   It protects you from cold.
   It insulates you from electricity.
 O - a +3 plate armour
 W - a +1 pair of boots (worn)
Jewellery
 i - a +3 ring of slaying (right hand)
 j - an uncursed amulet of dismissal
 q - an uncursed ring of sustain attributes
 s - an amulet of regeneration (around neck)
 B - an uncursed ring of fire
 R - a cursed -3 ring of intelligence (left hand)
Wands
 e - a wand of iceblast (11/15)
 M - a wand of acid (8/15)
Scrolls
 c - 2 scrolls of fear
 h - a scroll of teleportation
 k - 2 scrolls of amnesia
 n - 2 scrolls of remove curse
 o - 2 scrolls of enchant armour {unknown}
 p - 2 scrolls of random uselessness {unknown}
 r - 3 scrolls of recharging
 z - a scroll of magic mapping
 C - 4 scrolls of blinking
 P - 2 scrolls of identify
 S - a scroll of enchant weapon {unknown}
 Z - a scroll of immolation {unknown}
Potions
 d - a potion of brilliance
 g - 2 potions of lignification {!q}
 w - 2 potions of curing
 A - 2 potions of might
 I - a potion of agility
 K - 5 potions of flight
 Y - 2 potions of ambrosia
Books
 D - a book of Summonings

   Spells                             Type                      Level
   a - Recall                         Summoning/Translocation      3
   b - Aura of Abjuration             Summoning                    5
   c - Summon Demon                   Summoning                    5
   d - Summon Forest                  Summoning/Translocation      5
   e - Summon Mana Viper              Hexes/Summoning              5
   f - Shadow Creatures               Summoning                    6
 T - a book of Cantrips

   Spells                             Type                      Level
   a - Corona                         Hexes                        1
   b - Animate Skeleton               Necromancy                   1
   c - Summon Small Mammal            Summoning                    1
   d - Apportation                    Translocation                1
 U - a book of Battle

   Spells                             Type                      Level
   a - Infusion                       Charms                       1
   b - Shroud of Golubria             Charms/Translocation         2
   c - Song of Slaying                Charms                       2
   d - Spectral Weapon                Hexes/Charms                 3
   e - Regeneration                   Charms/Necromancy            3
Miscellaneous
 G - a plain deck of wonders
 Q - a plain deck of summoning
 V - a sack of spiders
Comestibles
 f - 12 bread rations
 m - 6 meat rations
 u - 4 beef jerkies
 x - 2 slices of pizza


   Skills:
 + Level 9.1 Fighting
 * Level 16.5 Axes
 + Level 3.3 Throwing
 * Level 11.0 Armour
 + Level 5.5 Dodging
   Level 3.2 Shields
 + Level 8.2 Invocations


You had 7 spell levels left.
You knew the following spells:

 Your Spells              Type           Power        Failure   Level  Hunger
a - Apportation           Tloc           #.........   99%         1    ##.....
b - Spectral Weapon       Hex/Chrm       #.......     100%        3    ####...


Dungeon Overview and Level Annotations

Branches:
Dungeon (12/15)            Temple (1/1) D:5            Lair (0/8) D:10
    Orc (0/2) D:12

Altars:
Ashenzari
Dithmenos
Elyvilon
Fedhas
Kikubaaqudgha
Makhleb
Nemelex Xobeh
Pakellas
Qazlal
Ru
Sif Muna
Trog
Xom
Zin
The Shining One

Shops:
D:7 *   D:9 !

Annotations:
D:10 exclusion: downstairs
D:12 exclusion: downstairs


Innate Abilities, Weirdness & Mutations

Your natural rate of healing is unusually fast.


Message History

The minotaur hits you with a rod of ignition.
The minotaur gores you but does no damage.
You are too injured to fight recklessly!
Drink which item? (? for menu, Esc to quit)
You feel yourself speed up.
The minotaur hits you with a rod of ignition!
* * * LOW HITPOINT WARNING * * *
You block the minotaur's attack. The minotaur closely misses you.
You block the minotaur's attack.
You are very lightly contaminated with residual magic.
Unknown command.
You slash the minotaur!
The minotaur is moderately wounded.
The minotaur hits you with a rod of ignition!
* * * LOW HITPOINT WARNING * * *
The minotaur gores you but does no damage.
The minotaur blocks your attack.
The minotaur is moderately wounded.
The minotaur hits you with a rod of ignition!!
You die...

..# #.# #.#
### . ..# .
... #.#
###.# #
#...### #≈
#.#.# ## #.
..#≈≈.#.#.#
. .##
.#≈<..H@.#
## .##.#..
.#≈≈.#.#.#
.. # ##.##.
#≈ #.#.#.# .
.. . ...#
#####...# .
.### ... .
...## ##.#
.#...#......
. ..
.).#####
#.#####.###.
# ##.#....#
# . .# ###
#.#.# ## #


You could see a minotaur.

Vanquished Creatures
  Azrael (D:12)
  The ghost of Moloch the Impaler, a journeyman HOFi of Beogh (D:11)
  Erica (D:11)
  5 unseen horrors
  3 hill giants
  Pikel (D:4)
  2 orc knights (Bailey)
  A manticore (D:12)
  A gargoyle (D:11)
  A troll (D:10)
  6 slime creatures (D:12)
  Grinder (D:5)
  A minotaur skeleton (Lab)
  Sigmund (D:6)
  A vampire (D:10)
  A spriggan (D:8)
  6 yaks
  2 fire elementals (D:12)
  A basilisk (Lab)
  3 vampire mosquitoes (D:12)
  A steam dragon (D:7)
  2 hippogriffs
  2 mottled dragons
  Edmund (D:6)
  A soldier ant (D:12)
  2 water moccasins
  4 hell hounds (D:12)
  2 ice beasts
  4 orc warriors
  4 ogres
  2 phantoms (D:5)
  A necrophage (D:8)
  2 sky beasts (D:10)
  The ghost of Moloch the Ruffian, an amateur DrFi of Okawaru (D:3)
  A black bear (D:8)
  A wasp (D:8)
  5 centaurs
  An eye of draining (D:12)
  2 crocodiles (D:10)
  2 big kobolds (D:7)
  6 giant frogs
  5 scorpions
  3 killer bees (D:5)
  A troll skeleton (Lab)
  6 howler monkeys
  6 crimson imps
  A giant frog zombie (D:5)
  4 hounds
  6 orc priests
  5 jellies
  3 centaur skeletons
  2 gnoll shamans
  6 orc wizards
  A giant frog skeleton (D:6)
  4 iguanas
  4 worker ants
  A killer bee zombie (D:5)
  2 hound zombies
  22 gnolls
  A howler monkey skeleton (D:9)
  7 adders
  2 river rats (D:10)
  3 shadow imps
  An ooze (D:4)
  An adder zombie (D:9)
  2 adder skeletons
  3 worms
  A dart slug (D:1)
  2 giant geckos
  34 orcs
  A ball python (D:7)
  9 giant cockroaches
  15 goblins
  10 hobgoblins
  11 jackals
  5 quokkas
  6 bats
  A giant gecko skeleton (D:3)
  5 giant newts
  A jackal zombie (D:5)
  31 kobolds
  A quokka skeleton (D:4)
  5 rats
327 creatures vanquished.

Vanquished Creatures (others)
  An orc warrior (D:4)
  An adder (D:4)
2 creatures vanquished.

Grand Total: 329 creatures vanquished

Notes
Turn   | Place    | Note
--------------------------------------------------------------
     0 | D:1      | mopl the Hill Orc Fighter began the quest for the Orb.
     0 | D:1      | Reached XP level 1. HP: 19/19 MP: 1/1
    69 | D:1      | Reached skill level 3 in Axes
   331 | D:1      | Reached XP level 2. HP: 25/26 MP: 2/2
   663 | D:1      | Reached skill level 4 in Axes
   847 | D:1      | Reached XP level 3. HP: 27/31 MP: 3/3
  1004 | D:2      | Reached skill level 5 in Axes
  1286 | D:2      | Reached XP level 4. HP: 39/39 MP: 4/4
  1811 | D:3      | Noticed Moloch's ghost (amateur DrFi)
  1823 | D:3      | Killed Moloch's ghost
  1823 | D:3      | Reached skill level 7 in Axes
  1823 | D:3      | Reached XP level 5. HP: 29/45 MP: 5/5
  2055 | D:3      | Reached skill level 8 in Axes
  2055 | D:3      | Reached XP level 6. HP: 48/51 MP: 6/6
  2151 | D:3      | Found a stormy altar of Qazlal.
  2172 | D:3      | Noticed Grinder
  2199 | D:4      | Noticed Pikel
  2199 | D:4      | Noticed a slave
  2199 | D:4      | Noticed a slave
  2200 | D:4      | Noticed a slave
  2497 | D:4      | Found a burning altar of Makhleb.
  2562 | D:4      | Reached skill level 9 in Axes
  2577 | D:4      | Reached XP level 7. HP: 45/57 MP: 7/7
  2628 | D:4      | Killed Pikel
  2628 | D:4      | Reached skill level 11 in Axes
  2628 | D:4      | Reached XP level 8. HP: 28/64 MP: 8/8
  2903 | D:4      | Found a burning altar of Makhleb.
  3138 | D:5      | Entered Level 5 of the Dungeon
  3229 | D:5      | Reached skill level 12 in Axes
  3229 | D:5      | Reached skill level 1 in Dodging
  3320 | D:5      | Found a white marble altar of Elyvilon.
  3331 | D:5      | Reached skill level 4 in Armour
  3335 | D:5      | Became a worshipper of Elyvilon the Healer
  3378 | D:5      | Reached skill level 4 in Fighting
  3642 | D:5      | Paralysed by Grinder for 7 turns
  3652 | D:5      | Killed Grinder
  3652 | D:5      | Reached skill level 1 in Invocations
  3808 | D:3      | Gained mutation: Your natural rate of healing is unusually fast. [potion of beneficial mutation]
  3928 | D:5      | Reached skill level 2 in Invocations
  3979 | D:5      | Found a blossoming altar of Fedhas.
  3983 | D:5      | Reached skill level 5 in Armour
  3983 | D:5      | Reached XP level 9. HP: 72/72 MP: 10/10
  4052 | D:5      | Reached skill level 2 in Dodging
  4220 | D:5      | Found a staircase to the Ecumenical Temple.
  4238 | Temple   | Entered the Ecumenical Temple
  4269 | Temple   | Fell from the grace of Elyvilon
  4269 | Temple   | Became a worshipper of the Shining One
  4465 | D:6      | Found an oddly glowing altar of Pakellas.
  4773 | D:6      | Reached skill level 5 in Fighting
  4910 | D:6      | Found a sparkling altar of Nemelex Xobeh.
  5019 | D:6      | Reached skill level 3 in Invocations
  5098 | D:6      | Noticed Sigmund
  5214 | D:6      | Killed Sigmund
  5226 | D:6      | Noticed Edmund
  5241 | D:6      | Killed Edmund
  5241 | D:6      | Reached skill level 13 in Axes
  5448 | D:7      | Reached skill level 6 in Armour
  5515 | D:7      | Found a blossoming altar of Fedhas.
  5605 | D:7      | Reached skill level 4 in Invocations
  5672 | D:7      | Reached * piety under the Shining One
  5731 | D:7      | Reached skill level 7 in Armour
  5782 | D:7      | Reached skill level 3 in Dodging
  5782 | D:7      | Reached XP level 10. HP: 72/83 MP: 13/13
  5788 | D:7      | Reached skill level 6 in Fighting
  6054 | D:7      | Found Otisogg's General Store.
  6057 | D:7      | Bought a scroll of noise for 12 gold pieces
  6057 | D:7      | Bought a scroll of blinking for 90 gold pieces
  6057 | D:7      | Bought a potion of mutation for 30 gold pieces
  6057 | D:7      | Bought a scroll of identify for 24 gold pieces
  6205 | D:7      | You fall through a shaft for 2 floors!
  6232 | D:9      | Found Pon Lek's Distillery.
  6238 | D:9      | Found a shimmering altar of Xom.
  6239 | D:9      | Found a shimmering altar of Xom.
  6240 | D:9      | Bought a potion of agility for 44 gold pieces
  6240 | D:9      | Bought 2 potions of flight for 66 gold pieces
  6240 | D:9      | Bought a potion of curing for 33 gold pieces
  6240 | D:9      | Found a shimmering altar of Xom.
  6241 | D:9      | Found a shimmering altar of Xom.
  6247 | D:9      | Got a translucent scale mail
  6248 | D:9      | Found a shimmering altar of Xom.
  6248 | D:9      | Found a shimmering altar of Xom.
  6335 | D:8      | Found a flagged portal.
  6368 | Bailey   | Entered a bailey
  6378 | Bailey   | Noticed an orc knight
  6447 | Bailey   | Identified the +5 scale mail of Parts Unknown {rElec rC+} (You found it on level 9 of the Dungeon)
  6485 | Bailey   | Noticed an orc knight
  6501 | Bailey   | Killed an orc knight
  6563 | Bailey   | Reached skill level 14 in Axes
  6626 | Bailey   | Killed an orc knight
  6629 | Bailey   | Reached skill level 5 in Invocations
  6741 | D:8      | Reached skill level 8 in Armour
  7330 | D:9      | Found a bloodstained altar of Trog.
  7372 | D:9      | Found a shimmering altar of Xom.
  7399 | D:9      | Reached ** piety under the Shining One
  7403 | D:9      | Reached skill level 7 in Fighting
  7442 | D:9      | Reached skill level 4 in Dodging
  7626 | D:9      | Learned a level 1 spell: Apportation
  7634 | D:10     | Entered Level 10 of the Dungeon
  7656 | D:10     | Reached XP level 11. HP: 68/91 MP: 15/15
  7746 | D:10     | Reached skill level 6 in Invocations
  7826 | D:10     | Reached skill level 9 in Armour
  7939 | D:10     | Learned a level 3 spell: Spectral Weapon
  7987 | D:10     | Reached skill level 15 in Axes
  8012 | D:10     | Found a staircase to the Lair.
  8082 | D:10     | Noticed an unseen horror
  8094 | D:10     | Killed an unseen horror
  8207 | D:10     | Noticed a hill giant
  8214 | D:10     | Killed a hill giant
  8454 | D:11     | Noticed an unseen horror
  8463 | D:11     | Killed an unseen horror
  8473 | D:11     | Noticed a hill giant
  8643 | D:11     | Noticed Erica
  8656 | D:11     | Reached skill level 1 in Throwing
  8656 | D:11     | Reached skill level 8 in Fighting
  8658 | D:11     | Killed Erica
  8697 | D:11     | Noticed an unseen horror
  8697 | D:11     | Reached *** piety under the Shining One
  8720 | D:11     | Killed an unseen horror
  8720 | D:11     | Reached skill level 7 in Invocations
  8886 | D:11     | Noticed a hill giant
  8894 | D:11     | Killed a hill giant
  8894 | D:11     | Reached skill level 5 in Dodging
  8937 | D:11     | Noticed a hill giant
  8945 | D:11     | Killed a hill giant
  8945 | D:11     | Reached skill level 10 in Armour
  8954 | D:11     | Noticed Moloch's ghost (journeyman HOFi)
  9003 | D:11     | Killed Moloch's ghost
  9003 | D:11     | Reached skill level 2 in Throwing
  9003 | D:11     | Reached XP level 12. HP: 75/103 MP: 17/17
  9170 | D:12     | Reached skill level 16 in Axes
  9235 | D:12     | Noticed Azrael
  9254 | D:12     | Found a shattered altar of Ashenzari.
  9332 | D:12     | Killed Azrael
  9332 | D:12     | Reached skill level 3 in Throwing
  9334 | D:12     | Reached skill level 8 in Invocations
  9376 | D:12     | Found a labyrinth entrance.
  9386 | D:12     | Reached skill level 9 in Fighting
  9492 | Lab      | Entered a labyrinth
  9542 | Lab      | Reached **** piety under the Shining One
  9616 | Lab      | Reached skill level 11 in Armour
  9641 | Lab      | Noticed a minotaur
  9650 | Lab      | Identified a +6 rod of ignition (9/9)
  9650 | Lab      | Slain by a minotaur

Skill      XL: |  1  2  3  4  5  6  7  8  9 10 11 12 |
---------------+-------------------------------------+-----
Axes           | 3 4 5 7 8 9 11 12 13 14 15 16 | 16.5
Dodging        | 1 3 4 5 |  5.5
Armour         | 5 7 8 10 11 | 11.0
Fighting       | 4 5 7 8 9 |  9.1
Invocations    | 2 4 5 7 8 |  8.2
Throwing       | 2 3 |  3.3
Shields        | |  3.2

Action                   |  1- 3 |  4- 6 |  7- 9 | 10-12 || total
-------------------------+-------+-------+-------+-------++-------
Melee: War axe           |   141 |   182 |    98 |       ||   421
       Battleaxe         |       |       |   229 |   457 ||   686
Throw: Javelin           |       |     3 |     3 |     3 ||     9
Invok: Divine Shield     |       |       |       |     1 ||     1
  Use: Potion            |       |     1 |     1 |     7 ||     9
       Scroll            |       |     5 |     7 |     7 ||    19
 Stab: Distracted        |     1 |       |     1 |       ||     2
  Eat: Chunk             |     1 |     5 |    11 |    12 ||    29
       Pizza             |       |       |       |     1 ||     1
Armor: Scale mail        |    63 |    79 |    31 |   167 ||   340
       Plate armour      |       |       |    85 |       ||    85
       Chain mail        |       |       |    58 |    70 ||   128
Dodge: Dodged            |    43 |    57 |   121 |   244 ||   465
Block: Shield            |    65 |    92 |    46 |       ||   203
       Other             |       |       |       |     4 ||     4
